 Dungeon Crawl Stone Soup version 0.21-a0-84-g85d6d27 (webtiles) character file.

59 sscrono2 the Insei (level 4, 0/29 HPs)
             Began as an Octopode Transmuter on June 30, 2017.
             Killed from afar by an orc wizard (8 damage)
             ... with a magic dart
             ... on level 3 of the Dungeon.
             The game lasted 00:01:35 (1798 turns).

sscrono2 the Insei (Octopode Transmuter)            Turns: 1798, Time: 00:01:35

Health: 0/29       AC:  1    Str: 10    XL:     4   Next: 3%
Magic:  7/7        EV: 13    Int: 15    God:
Gold:   123        SH:  0    Dex: 12    Spells: 1/7 levels left

rFire    . . .     SeeInvis .     - Unarmed
rCold    . . .     Gourm    .   (no shield)
rNeg     . . .     Faith    .   (helmet restricted)
rPois    .         Spirit   .   (no amulet)
rElec    .         Reflect  .   (no ring)
rCorr    .         Harm     .   (no ring)
MR       .....                  (no ring)
Stlth    ++........             (no ring)
HPRegen  0.09/turn              (no ring)
MPRegen  0.10/turn              (no ring)
                                (no ring)
                                (no ring)

@: drained
A: almost no armour, stealthy swim, amphibious, 8 rings, constrict 8, camouflage
1, gelatinous body 1
a: no special abilities


You were on level 3 of the Dungeon.
You were not hungry.

You visited 1 branch of the dungeon, and saw 3 of its levels.

You collected 123 gold pieces.

Inventory:

Missiles
 a - 12 arrows
Scrolls
 e - 2 scrolls of remove curse {unknown}
 h - a scroll of teleportation {unknown}
 j - a scroll of fear {unknown}
 l - a scroll of blinking {unknown}
 m - 2 scrolls of enchant weapon {unknown}
 n - 2 scrolls of identify {unknown}
Potions
 d - 3 potions of heal wounds {unknown}
 f - 2 potions of flight {unknown}
 i - a potion of berserk rage {unknown}
 k - a potion of invisibility {unknown}
 o - a potion of curing {unknown}
Books
 b - a book of Changes

   Spells                             Type                      Level
   a - Beastly Appendage              Transmutation                1
   b - Sticks to Snakes               Transmutation                2
   c - Spider Form                    Transmutation/Poison         3
   d - Ice Form                       Ice/Transmutation            4
   e - Blade Hands                    Transmutation                5
Comestibles
 c - 4 bread rations
 g - 4 meat rations
 p - 2 fruits
 q - 2 chunks of flesh


   Skills:
 + Level 1.7(1.4) Fighting
 + Level 2.4(2.1) Dodging
 * Level 3.7(3.4) Unarmed Combat
 + Level 2.1(1.8) Spellcasting
 + Level 2.6(2.3) Transmutations


You had one spell level left.
You knew the following spells:

 Your Spells              Type           Power        Failure   Level  Hunger
a - Beastly Appendage     Tmut           #.....       9%          1    ##.....
b - Sticks to Snakes      Tmut           #.......     13%         2    ###....
c - Spider Form           Tmut/Pois      #.........   38%         3    ####...


Dungeon Overview and Level Annotations

Branches:
Dungeon (3/15)

Altars:


Innate Abilities, Weirdness & Mutations

You cannot wear most types of armour.
You are very stealthy in the water. (Stealth+)
You are amphibious.
You can wear up to eight rings at the same time.
You can use your tentacles to constrict eight enemies at once.
Your skin changes colour to match your surroundings (Stealth+).
Your rubbery body absorbs attacks. (AC +1, EV +1)


Message History

The orc shouts! x2
You tentacle-slap the jackal.
You kill the jackal!
A goblin and an orc come into view.
The goblin shouts!
You tentacle-slap the orc wizard but do no damage.
You grab the orc wizard.
You constrict the orc wizard, but do no damage.
The orc closely misses you. The orc wizard hits you with a dagger!
You tentacle-slap the orc wizard.
The orc wizard is lightly wounded.
You constrict the orc wizard.
The orc hits you with a short sword of draining!
You feel drained.
* * * LOW HITPOINT WARNING * * *
The orc wizard barely misses you.
You release your grip on the orc wizard.
The orc wizard casts a spell at you. The magic dart hits you!
You die...

..... #.....#
<....##.....##
.........g...#
........o....#
........Z..>.#
......†o.o...#
...?...ooK...#
.....###.#####
..# #@# #.#
#.# #.#
######.#
#.<....#
#......#
.........##
..........#


You could see an orc wizard, 4 orcs, a quokka zombie, a goblin and a kobold.

Vanquished Creatures
  2 adders (D:2)
  2 worms (D:2)
  A dart slug (D:1)
  4 leopard geckos
  A bat (D:2)
  2 giant cockroaches (D:2)
  3 goblins
  A hobgoblin (D:2)
  A jackal (D:3)
  4 kobolds
  A ball python (D:2)
  A frilled lizard (D:1)
  7 rats
30 creatures vanquished.

Notes
Turn   | Place    | Note
-------+----------+-------------------------------------------
     0 | D:1      | sscrono2 the Octopode Transmuter began the quest for the Orb.
     0 | D:1      | Reached XP level 1. HP: 13/13 MP: 3/3
   143 | D:1      | Reached XP level 2. HP: 9/18 MP: 5/5
   672 | D:2      | Reached XP level 3. HP: 21/23 MP: 6/6
  1614 | D:2      | Learned a level 2 spell: Sticks to Snakes
  1618 | D:2      | Learned a level 3 spell: Spider Form
  1783 | D:3      | Reached XP level 4. HP: 23/29 MP: 7/7
  1798 | D:3      | Killed from afar by an orc wizard

Vault maps used:
D:1:      minmay_arrival_diagonal_passages
D:3:      serial_bayou_pond_a, nicolae_ru_the_path_less_chosen

Action                   |  1- 3 |  4- 6 || total
-------------------------+-------+-------++-------
Melee: Unarmed           |    82 |     3 ||    85
       Constrict         |    19 |     1 ||    20
       Punch             |     2 |       ||     2
       Tentacles         |    12 |       ||    12
 Stab: Sleeping          |     3 |       ||     3
  Eat: Chunk             |     3 |       ||     3
Armor: Skin              |     6 |       ||     6
Dodge: Dodged            |    43 |     3 ||    46
